Map: Automaton LE

Players

Snute

  • Race: Zerg Zerg
  • Spawn Location: 3:00

Reynor - Winner!

  • Race: Zerg Zerg
  • Spawn Location: 9:00

Event: 2019 WCS Spring

VOD

Have the link to the VOD?

Description

Time

  • Played on: May 17, 2019, 7:08 a.m.
  • Length: 12:46

All games in this series

Show
View Real Time Build Order
Export as new Build Order

Snute Zerg 

Build Orders: 1 Base Baneling Bust, Pool First 

Get SALT Encoding   

  12  0:00  Drone  
  13  0:14  Extractor  
  12  0:24  Spawning Pool  
  11  0:29  Drone  
  11  0:34  Drone  
  13  0:38  Drone  
  14  0:50  Overlord  
  14  1:10  Zergling x2  
  14  1:11  Zergling x2  
  16  1:12  Zergling x2  
  16  1:14  Metabolic Boost  
  17  1:23  Zergling x2  
  18  1:33  Baneling Nest  
  18  1:34  Zergling x2  
  18  1:44  Zergling x2  
  19  1:55  Zergling x2  
  20  2:07  Zergling x2  
  21  2:16  Hatchery  
  20  2:25  Zergling x2  
  21  2:30  Zergling x2  
  21  2:34  Baneling  
  20  2:46  Zergling x2  
  20  2:48  Queen  
  21  2:54  Drone  
  19  3:01  Baneling x2  
  20  3:05  Drone  
  20  3:12  Drone  
  20  3:21  Drone  
  21  3:29  Queen  
  21  3:33  Drone x2  
  24  3:41  Drone  
  24  3:44  Overlord  
  25  3:50  Drone  
  25  3:53  Drone  
  27  3:59  Drone  
  27  4:02  Drone x3  
  31  4:08  Drone  
  32  4:16  Drone x2  
  33  4:23  Overlord  
  33  4:25  Lair  
  33  4:28  Drone  
  34  4:35  Drone  
  34  4:40  Drone x2  
  34  4:41  Drone x2  
  34  4:43  Drone x2  
  39  4:51  Drone x2  
  40  4:54  Drone  
  40  4:55  Extractor  
  40  4:57  Extractor  
  40  4:58  Drone  
  40  5:02  Zergling x2  
  41  5:09  Extractor  
  41  5:11  Drone  
  41  5:13  Drone  
  42  5:16  Zergling x2  
  42  5:17  Overlord  
  42  5:18  Drone  
  42  5:20  Overlord  
  44  5:24  Baneling x2  
  44  5:29  Zergling x2, Spine Crawler  
  44  5:35  Baneling x2  
  44  5:37  Zergling x8  
  48  5:44  Spire  
  48  5:47  Drone  
  48  5:50  Drone x3  
  48  5:51  Drone  
  48  5:54  Drone  
  48  5:55  Drone  
  48  5:57  Baneling  
  53  6:00  Overlord  
  52  6:07  Overlord  
  52  6:10  Drone x2  
  54  6:24  Hatchery  
  52  6:28  Zergling x2  
  52  6:29  Zergling x6  
  56  6:40  Drone x2  
  56  6:45  Overlord  
  57  6:52  Zergling x6  
  60  6:56  Zerg Flyer Weapons Level 1  
  60  7:04  Mutalisk x3  
  60  7:07  Mutalisk  
  68  7:13  Mutalisk  
  68  7:14  Mutalisk x3  
  72  7:25  Mutalisk  
  72  7:27  Overlord  
  73  7:32  Mutalisk  
  73  7:33  Overlord  
  75  7:37  Zergling x2  
  75  7:39  Zergling x2  
  75  7:40  Zergling x2  
  75  7:42  Zergling x12  
  81  7:46  Mutalisk x2  
  84  7:58  Queen  
  85  7:59  Mutalisk  
  83  8:06  Drone x3  
  83  8:09  Zergling x10  
  90  8:22  Mutalisk  
  90  8:23  Mutalisk, Hatchery  
  90  8:25  Overlord  
  91  8:30  Overlord  
  90  8:49  Mutalisk  
  90  8:50  Mutalisk x3  
  92  8:59  Mutalisk  
  95  9:02  Zergling x2  
  95  9:03  Zergling x8  
  96  9:11  Zergling x10  
  101  9:23  Zergling x4  
  103  9:24  Queen x2  
  107  9:37  Mutalisk x3  
  113  9:53  Overlord x2  
  113  10:00  Hatchery  
  113  10:05  Overlord x3  
  112  10:09  Zerg Flyer Weapons Level 2  
  106  10:33  Mutalisk x5  
  90  10:43  Zergling x22  
  101  10:52  Mutalisk x2  
  101  10:54  Pneumatized Carapace  
  105  11:05  Zergling x8  
  105  11:08  Hatchery  
  108  11:15  Zergling x2  
  108  11:16  Mutalisk x2  
  113  11:18  Zergling x2  
  113  11:19  Zergling x6  
  117  11:30  Baneling x6  
  117  11:31  Baneling x2  
  115  11:34  Baneling, Zergling x2  
  115  11:35  Zergling x2  
  117  11:42  Overseer  
  102  11:59  Zergling x2  
  102  12:00  Zergling x14  
  105  12:06  Zergling x2  
  105  12:12  Mutalisk  
Show
View Real Time Build Order
Export as new Build Order

Reynor Zerg - Winner!

Build Orders: Hatch First 

Get SALT Encoding   

  12  0:00  Drone  
  13  0:12  Overlord  
  13  0:18  Drone  
  14  0:30  Drone x2  
  16  0:49  Hatchery  
  15  0:52  Drone  
  15  0:56  Drone  
  17  0:59  Drone  
  18  1:10  Extractor  
  17  1:15  Spawning Pool  
  16  1:18  Drone  
  16  1:22  Drone  
  18  1:27  Drone  
  19  1:38  Overlord  
  19  2:02  Queen, Zergling x6  
  19  2:03  Queen  
  26  2:10  Spine Crawler  
  26  2:12  Zergling x2  
  26  2:16  Zergling x2  
  27  2:24  Zergling x4  
  28  2:35  Zergling x4  
  27  2:44  Spine Crawler  
  27  2:45  Zergling x4  
  24  2:54  Zergling x4  
  23  3:03  Queen  
  25  3:16  Queen  
  25  3:33  Zergling x4  
  26  3:40  Drone x2  
  27  3:43  Drone  
  27  3:51  Drone x2  
  27  3:55  Drone  
  30  3:57  Metabolic Boost  
  30  4:05  Baneling Nest  
  30  4:09  Drone x2  
  31  4:16  Queen  
  32  4:19  Drone  
  32  4:22  Drone  
  34  4:24  Drone  
  34  4:27  Drone  
  36  4:33  Spore Crawler  
  36  4:35  Drone  
  36  4:38  Overlord  
  36  4:44  Drone  
  36  4:48  Overlord  
  36  4:58  Zergling x8  
  40  5:02  Overlord  
  39  5:08  Zergling x6  
  39  5:09  Zergling x2  
  39  5:12  Zergling x2  
  44  5:16  Drone x2  
  44  5:17  Zergling x2  
  44  5:19  Drone  
  48  5:23  Evolution Chamber  
  47  5:30  Hatchery  
  47  5:32  Drone  
  47  5:33  Drone  
  48  5:40  Baneling  
  48  5:44  Overlord  
  47  5:50  Drone x7  
  52  5:58  Overlord  
  52  6:01  Zerg Ground Armor Level 1  
  52  6:02  Drone  
  53  6:05  Drone  
  53  6:08  Drone  
  53  6:18  Drone x4  
  57  6:23  Queen, Drone  
  60  6:26  Overlord  
  60  6:30  Queen, Drone  
  63  6:38  Zergling x6  
  64  6:44  Zergling x6  
  66  6:50  Queen  
  66  6:51  Zergling x4  
  66  6:53  Zergling x2  
  71  6:59  Baneling x2  
  71  7:01  Zergling x2  
  71  7:02  Queen, Zergling x2  
  71  7:05  Zergling x8  
  71  7:06  Lair  
  79  7:12  Zergling x2  
  79  7:14  Zergling x2  
  80  7:18  Zergling x2  
  81  7:23  Zergling x2  
  81  7:25  Queen  
  84  7:30  Zergling x8  
  84  7:31  Overlord  
  84  7:32  Drone x2  
  84  7:34  Extractor  
  84  7:35  Overlord  
  84  7:36  Hatchery  
  88  7:37  Evolution Chamber  
  88  7:39  Drone x3  
  88  7:42  Drone  
  88  7:43  Drone  
  90  7:47  Drone  
  88  7:52  Drone  
  88  7:53  Spore Crawler  
  88  7:55  Spore Crawler  
  88  7:58  Zergling x8  
  90  8:02  Overlord  
  90  8:03  Drone x2  
  88  8:10  Zerg Melee Weapons Level 1  
  83  8:12  Drone x2  
  83  8:13  Drone x4  
  83  8:14  Zergling x2  
  83  8:15  Extractor  
  83  8:18  Queen  
  87  8:21  Spore Crawler  
  87  8:22  Zergling x10  
  91  8:27  Drone x2  
  94  8:34  Zergling x10  
  94  8:38  Baneling  
  94  8:39  Zergling x4  
  96  8:43  Overlord  
  95  8:48  Queen  
  95  8:50  Zergling x4  
  95  8:52  Queen  
  95  8:53  Queen  
  101  9:02  Zergling x20  
  111  9:07  Infestation Pit, Zergling x2  
  111  9:08  Overlord  
  111  9:16  Spore Crawler  
  108  9:23  Zergling x10  
  111  9:25  Hatchery  
  111  9:26  Queen  
  111  9:28  Drone  
  111  9:29  Spore Crawler  
  99  9:32  Zergling x8  
  103  9:48  Hive  
  101  9:53  Pneumatized Carapace, Zergling x6  
  101  9:54  Zergling x8  
  101  9:56  Baneling x4  
  100  10:00  Spore Crawler  
  100  10:01  Queen  
  101  10:09  Zergling x16  
  101  10:11  Extractor  
  108  10:20  Zergling x10  
  105  10:34  Queen  
  96  10:48  Drone x5  
  96  10:49  Drone  
  101  10:56  Drone  
  97  11:05  Spore Crawler  
  97  11:06  Viper x4  
  97  11:09  Zergling x20  
  117  11:12  Spore Crawler x2  
  117  11:15  Drone  
  115  11:20  Queen  
  115  11:23  Overlord  
  115  11:24  Overlord  
  117  11:30  Extractor  
  117  11:32  Drone  
  117  11:41  Overlord  
  117  11:42  Overlord  
  109  11:47  Baneling x3  
  109  11:54  Zergling x22  
  101  12:01  Zergling x12  
  103  12:06  Queen  
  103  12:11  Zergling x10  
  108  12:26  Drone x11  
Tags
 
Add a new tag
Caveats
  • Supply blocks, unpowered buildings, or Contaminate may cause inaccurate times.
  • Supply counts are checked every 10 seconds.